 Dungeon Crawl Stone Soup version 0.29-a0-284-gf9362112df (webtiles) character file.

Game seed: 5377776144924937612

81 epen the Shooter (level 4, -3/27 HPs)
             Began as a Tengu Hunter on Mar 15, 2022.
             Slain by a gnoll
             ... wielding a +0 club
              (5 damage)
             ... on level 2 of the Dungeon.
             The game lasted 00:01:36 (1546 turns).

epen the Shooter (Tengu Hunter)                     Turns: 1546, Time: 00:01:36

Health: -3/27      AC:  3    Str: 11    XL:     4   Next: 42%
Magic:  5/5        EV: 13    Int: 10    God:
Gold:   55         SH:  0    Dex: 19    Spells: 3/3 levels left

rFire   . . .      SeeInvis .   a - +1 shortbow
rCold   . . .      Faith    .   (shield currently unavailable)
rNeg    . . .      Spirit   .   b - +0 leather armour
rPois   .          Reflect  .   (helmet restricted)
rElec   .          Harm     .   (no cloak)
rCorr   .          Rampage  .   (no gloves)
Will    .....                   (boots unavailable)
Stlth   ++........              (no amulet)
HPRegen 0.09/turn               (no ring)
MPRegen 0.09/turn               (no ring)

@: no status effects
A: beak, talons 3
a: no special abilities


You were on level 2 of the Dungeon.
You visited 1 branch of the dungeon, and saw 2 of its levels.

You collected 55 gold pieces.

Inventory:

Hand Weapons
 a - a +1 shortbow (weapon)
 k - a +1 antimagic dagger
Armour
 b - a +0 leather armour (worn)
Scrolls
 c - a scroll of immolation
 d - a scroll of noise {unknown}
 f - a scroll of fear {unknown}
 g - 2 scrolls of teleportation {unknown}
 i - a scroll of blinking {unknown}
 j - a scroll of identify {unknown}
 m - 3 scrolls of silence {unknown}
Potions
 e - a potion of lignification {unknown}
 h - 2 potions of curing {unknown}
 l - a potion of might {unknown}
 n - a potion of degeneration {unknown}


   Skills:
 + Level 2.7 Fighting
 * Level 5.4 Bows
 + Level 3.1 Dodging
 - Level 1.0 Stealth


You had 3 spell levels left.
You didn't know any spells.
Your spell library was empty.

Dungeon Overview and Level Annotations

Branches:
Dungeon (2/15)

Altars:


Innate Abilities, Weirdness & Mutations

You have a beak for a mouth.
You have claws for feet.


Message History

The gnoll hits you with a +0 club. The gnoll hits you with a +0 club!
The gnoll hits you with a +0 club.
You shoot an arrow. The arrow hits the gnoll.
The gnoll is almost dead.
The gnoll hits you but does no damage. The gnoll barely misses you.
You shoot an arrow. The arrow closely misses the gnoll.
The gnoll closely misses you. The gnoll hits you with a +0 club.
You are too injured to fight recklessly!
You are too injured to fight recklessly!
You are too injured to fight recklessly!
You are too injured to fight recklessly!
You are too injured to fight recklessly!
You are too injured to fight recklessly!
You are too injured to fight recklessly!
You are too injured to fight recklessly!
You are too injured to fight recklessly!
You are too injured to fight recklessly!
You are too injured to fight recklessly!
You are too injured to fight recklessly!
You are too injured to fight recklessly!
You are too injured to fight recklessly!
You are too injured to fight recklessly!
You are too injured to fight recklessly!
You are too injured to fight recklessly!
You are too injured to fight recklessly!
Shoot: a) +1 shortbow
Press: ? - help, Shift-Dir - straight line, f/p - gnoll
Aim: a gnoll, wielding a +0 club (almost dead, 69% to hit)
You shoot an arrow. The arrow barely misses the gnoll.
The gnoll misses you. The gnoll hits you with a +0 club.
* * * LOW HITPOINT WARNING * * *
Shoot: a) +1 shortbow
Press: ? - help, Shift-Dir - straight line, f/p - gnoll
Aim: a gnoll, wielding a +0 club (almost dead, 69% to hit)
You shoot an arrow. The arrow barely misses the gnoll.
The gnoll hits you with a +0 club.
* * * LOW HITPOINT WARNING * * *
The gnoll closely misses you. The gnoll hits you but does no damage.
The gnoll hits you with a +0 club.
You die...

#...# ...g ###.#....).#. #.#.#
### # #.######.#. ####.#.# #..
#.###.#......#. ...#.#.# #.#
#.......######. ####.#.#
#.#.#.........# #. #.#.#
######.#...###.##..#####
####...###....#.###..............
................#g...........†...
.....#####.#....@g)..........####
.#.........###.#..#####....#.####
.#.#######.###.#..#####†.#.#..#..
##.#####.....#.#.........#.#..#.#
.........#...#..........#######.#
.#########...########...# #.# .'#
#...# #...# #.# .## #...# #...#
#.# .'# #...# ##### ##†#


You could see 2 gnolls.

Vanquished Creatures
  3 adders (D:2)
  A gnoll (D:2)
  A dart slug (D:2)
  3 bats (D:1)
  3 endoplasms
  6 giant cockroaches
  3 goblins
  3 hobgoblins
  3 kobolds
  A quokka (D:1)
  7 ball pythons
  A frilled lizard (D:2)
  2 rats (D:1)
37 creatures vanquished.

Notes
Turn   | Place    | Note
-------+----------+-------------------------------------------
     0 | D:1      | epen the Tengu Hunter began the quest for the Orb.
     0 | D:1      | Reached XP level 1. HP: 12/12 MP: 2/2
    99 | D:1      | Reached XP level 2. HP: 17/17 MP: 3/3
   529 | D:2      | Reached XP level 3. HP: 22/22 MP: 4/4
   596 | D:2      | Reached skill level 5 in Bows
  1153 | D:2      | Reached XP level 4. HP: 27/27 MP: 5/5
  1546 | D:2      | Slain by a gnoll

Illustrated notes

Levels and vault maps discovered:
D:1:      dpeg_arrival_long_road, layout_basic, serial_bayou_pond_d
D:2:      layout_basic, serial_co_window_serial, co_window_of_opportunity_a,
          co_window_of_opportunity_a, co_window_paths_a, co_window_paths_a,
          co_window_of_opportunity_a, co_window_broadway_b, co_window_2corner,
          co_window_unsneaky_path_e, co_window_corner_ca, co_window_paths_e,
          co_window_4corner_b, glass_columns_b, glass_columns_b

Skill      XL: |  1  2  3  4 |
---------------+-------------+-----
Bows           | 5 |  5.4
Dodging        | 3 |  3.1
Fighting       | |  2.7
Stealth        | |  1.0

Action                   |  1- 3 |  4- 6 || total
-------------------------+-------+-------++-------
 Fire: Shortbow          |    65 |    21 ||    86
Armor: Leather armour    |     2 |     5 ||     7
Dodge: Dodged            |     9 |    10 ||    19

Table legend: (Time is in decaauts)
 A = Elapsed time spent in this place.
 B = Non-inter-level travel time spent in this place.
 C = Inter-level travel time spent in this place.
 D = Time resting spent in this place.
 E = Time spent auto-exploring this place.
 F = Levels seen in this place.
 G = Mean time per level.
                   A        B        C        D        E       F      G
               +--------+--------+--------+--------+--------+-----+--------+
         Total |   1573 |   1558 |     15 |    207 |   1136 |   2 |  786.5 |
       Dungeon |   1573 |   1558 |     15 |    207 |   1136 |   2 |  786.5 |
               +--------+--------+--------+--------+--------+-----+--------+

Top non-repeatable levels by time:
     D:2: 1071 daAuts
     D:1: 502 daAuts
